 Dungeon Crawl Stone Soup version 0.26.1-11-gd32895ea62 (webtiles) character file.

Game seed: 4676802816935782891

465502 infcreate the Fencer (level 25, -23/312 HPs)
             Began as a Human Berserker on May 30, 2021.
             Was the Champion of Trog.
             Annihilated by a spriggan berserker
             ... wielding a +0 quarterstaff
              (37 damage)
             ... while paralysed by a floating eye
             ... on level 1 of the Depths on May 31, 2021.
             The game lasted 05:21:58 (67743 turns).

infcreate the Fencer (Human Berserker)             Turns: 67743, Time: 05:21:59

Health: -23/312    AC: 39    Str: 32    XL:     25   Next: 79%
Magic:  23/23      EV:  2    Int: 12    God:    Trog [******]
Gold:   2404       SH:  0    Dex: 20    Spells: 24/24 levels left

rFire    + . .     SeeInvis +   D - +7 triple sword (flame)
rCold    . . .     Faith    .   (shield currently unavailable)
rNeg     . . .     Spirit   .   m - +8 plate armour {Will+}
rPois    +         Reflect  +   c - +2 hat "Biph" {Rampage +Inv Str+3}
rElec    +         Harm     .   q - +2 cloak {Will+}
rCorr    .         Rampage  +   X - +2 pair of gloves {archery}
Will     +++++                  g - +1 pair of boots of the Dolphin {Str+5 SInv}
Stlth    ..........             v - amulet "Vuosax" {Reflect rPois Will+ Int+2 SH+5}
HPRegen  2.02/turn              f - ring of protection from fire
MPRegen  0.18/turn              K - ring "Ophuts" {Dex+6 SInv}

@: paralysed, berserking (expiring), lethally poisoned (-23 -> -23),
regenerating
A: large bone plates 1, blurry vision 1, regeneration 1, electricity resistance,
weak 1
}: 2/15 runes: serpentine, barnacled
a: Renounce Religion, Evoke Invisibility, Berserk, Trog's Hand, Brothers in Arms


You were on level 1 of the Depths.
You worshipped Trog.
Trog was exalted by your worship.
You visited 8 branches of the dungeon, and saw 40 of its levels.
You visited the Abyss 1 time.
You also visited: Bailey, Gauntlet, Ice Cave and Desolation.

You collected 6580 gold pieces.
You spent 4176 gold pieces at shops.


Innate Abilities, Weirdness & Mutations

You are partially covered in large bone plates. (SH +4)
Scrolls take you a little longer to read.
Your natural rate of healing is unusually fast.
You are resistant to electric shocks. (rElec)
You are weak. (Str -2)


   Skills:
 + Level 19.2 Fighting
 * Level 19.7 Long Blades
 * Level 19.1 Crossbows
 * Level 19.7 Armour
 * Level 19.7 Dodging


You had 24 spell levels left.
You didn't know any spells.
Your spell library was empty.

Inventory:

Hand Weapons
 s - a +9 demon blade of protection
 w - a +9 antimagic triple sword
 D - a +7 triple sword of flaming (weapon)
 U - the +10 hand crossbow of Ifuddere {freeze, rElec rF+}
   (You took it off a minotaur in a Gauntlet)

   It causes projectiles fired from it to freeze those they strike, causing
   extra injury to most foes and up to half again as much damage against
   particularly susceptible opponents.
   They can also slow down cold-blooded creatures.
   It protects you from fire.
   It insulates you from electricity.
Missiles
 T - 1050 bolts
Armour
 c - the +2 hat "Biph" (worn) {Rampage +Inv Str+3}
   (You found it in a Gauntlet)

   It affects your strength (+3).
   It lets you turn invisible.
   It bestows one free step when moving towards enemies.
 g - the +1 pair of boots of the Dolphin (worn) {Str+5 SInv}
   (You found it on level 1 of the Orcish Mines)

   It affects your strength (+5).
   It lets you see invisible.
 l - +0 gold dragon scales
 m - a +8 plate armour of willpower (worn)
 q - a +2 cloak of willpower (worn)
 X - a +2 pair of gloves of archery (worn)
Jewellery
 b - the ring "Reniomit" {rCorr Int+4}
   (You took it off a yaktaur captain on level 4 of the Vaults)

   [ring of resist corrosion]

   It affects your intelligence (+4).
   It provides partial protection from all sources of acid and corrosion.
 f - a ring of protection from fire (left hand)
 v - the amulet "Vuosax" (around neck) {Reflect rPois Will+ Int+2 SH+5}
   (You acquired it on level 4 of the Vaults)

   [amulet of reflection]

   It shields you and reflects attacks.
   It affects your intelligence (+2).
   It protects you from poison.
   It affects your willpower, your defense against some magical effects.
   It affects your SH (+5).
 C - an uncursed ring of ice
 F - an uncursed ring of willpower
 K - the ring "Ophuts" (right hand) {Dex+6 SInv}
   (You took it off a deep elf master archer on level 3 of the Elven Halls)

   [ring of see invisible]

   It affects your dexterity (+6).
   It lets you see invisible.
 N - an uncursed ring of positive energy
 P - an uncursed ring of poison resistance
Wands
 r - a wand of digging (27)
 x - a wand of iceblast (6)
Scrolls
 a - 4 scrolls of magic mapping
 n - a scroll of blinking
 u - a scroll of summoning
 y - 18 scrolls of remove curse {@r2}
 B - 15 scrolls of identify {@r1}
 E - 11 scrolls of fog
 H - a scroll of silence {!r}
 J - a scroll of holy word
 L - 8 scrolls of teleportation {@r4}
 O - 10 scrolls of fear
 V - 5 scrolls of immolation
Potions
 e - 11 potions of ambrosia
 h - 3 potions of resistance
 i - 15 potions of curing {@q1}
 j - 5 potions of lignification
 k - 8 potions of heal wounds {@q2}
 o - 5 potions of haste {@q3}
 p - 4 potions of might
 t - 2 potions of mutation
 z - 5 potions of invisibility
 I - 3 potions of flight
 M - 3 potions of cancellation
 Y - a potion of attraction
Miscellaneous
 d - a lightning rod (4/4)

Dungeon Overview and Level Annotations

Branches:
Dungeon (15/15)            Temple (0/1) D:5            Lair (6/6) D:10
 Shoals (4/4) Lair:4        Snake (4/4) Lair:3        Slime (0/5) Lair:6
    Orc (2/2) D:11            Elf (3/3) Orc:2        Vaults (4/5) D:14
  Crypt (0/3) Vaults:2     Depths (2/5) D:15         Bailey (visited)
  IceCv (visited)         Desolation (visited)      Gauntlet (visited)

Altars:
Elyvilon
Kikubaaqudgha
Okawaru
Trog
Xom
Yredelemnul
The Shining One
Beogh

Shops:
D:5 ?   D:6 (   D:9 ?   D:13 :[[?   D:15 (   Orc:2 [((   Elf:1 [   Elf:2 ?
Shoals:2 :*   Snake:2 }=}   Snake:3 [=**   Vaults:3 [*   Depths:1 ([

Portals:
Hell: Depths:1
Abyss: Depths:1
Trove: Vaults:4 (give +2 gold dragon scales)

#..# ▒▒8.....8▒▒..#
#..##.. #..###
▒[........▒..# #..##..
##....# ▒♣.......♣▒..#
#..##.. ##...#.#
▒⌠.......⌠▒..# #..##..
.......# ▒♣.......♣▒..#
#..##.. ######.#
#▒▒▒▒'''▒▒▒▒..####..##..
#.#
#...[.....##(...))..##..
#### #.#
#..###.#i.......#(#.##..
...# #.#
#..[...@).....###.#.##..
##.# #.# #.....yGi.....#
#.####.. #.# #.#
#..#####......# #..# #..
##'###.# #..# #......#
#..###.. .....'.###..#
#>.....# #...#...
##'###......#
#......###▓.▓.▓.▓ #.#
#......#
#....###.▓....... ##.#
#..##..#
#..........∩.#.∩. ...#
#.###..#
#....###.▓.......


You could see a spark wasp, a spriggan berserker (berserk, regenerating,
strong-willed), a spriggan air mage (repels missiles) and a floating eye.


Message History

You hit the spriggan berserker. You burn the spriggan berserker.
The spriggan berserker is heavily wounded.
The spark wasp closely misses you.
You block the spriggan air mage's attack.
You completely miss the spriggan berserker.
The spriggan berserker is heavily wounded.
You block the spriggan berserker's attack.
The spark wasp completely misses you.
You riposte.
You slice the spark wasp!! You burn the spark wasp.
The spark wasp is almost dead.
The floating eye seems to glare at you.
The spriggan air mage waves its arms in wide circles.
The air twists around and strikes you.
You miss the spriggan berserker.
The spriggan berserker is heavily wounded.
You feel sick.
The spriggan berserker hits you but does no damage.
You block the spark wasp's attack.
Unknown command.
You slash the spriggan berserker! You burn the spriggan berserker.
The spriggan berserker is severely wounded.
The floating eye gazes piercingly through you!
You suddenly lose the ability to move!
The spark wasp stings you but does no damage.
The spriggan berserker hits you but does no damage.
The spriggan air mage hits you but does no damage.
You feel sick.
The spark wasp stings you but does no damage.
The spriggan berserker hits you with a +0 quarterstaff!!!
You die...

Skill      XL: |  1  2  3  4  5  6  7  8  9 10 11 12 13 14 15 16 17 18 19 20 21 22 23 24 25 |
---------------+----------------------------------------------------------------------------+-----
Armour         | 3 4 5 6 7 9 10 11 12 13 14 15 16 17 18 19 | 19.7
Dodging        | 3 4 5 6 7 9 10 11 12 13 14 15 16 17 18 19 | 19.7
Long Blades    | 4 5 6 7 8 9 10 11 12 13 14 15 16 17 18 19 | 19.7
Fighting       | 4 5 6 7 8 9 10 11 12 13 14 15 16 17 18 19 | 19.2
Crossbows      | 2 4 6 8 9 10 11 12 13 14 15 16 17 18 19 | 19.1

Action                   |  1- 3 |  4- 6 |  7- 9 | 10-12 | 13-15 | 16-18 | 19-21 | 22-24 | 25-27 || total
-------------------------+-------+-------+-------+-------+-------+-------+-------+-------+-------++-------
Melee: Falchion          |    76 |   319 |       |       |       |       |       |       |       ||   395
       Long sword        |       |    26 |   309 |       |    24 |   171 |   314 |       |       ||   844
       Demon blade       |       |       |    50 |   650 |  1307 |  1399 |   105 |   343 |       ||  3854
       Scimitar          |       |       |       |    17 |    32 |    15 |       |       |       ||    64
       Hand crossbow     |       |       |       |       |       |     8 |       |       |       ||     8
       Triple sword      |       |       |       |       |       |       |   962 |  1072 |   435 ||  2469
       Great sword       |       |       |       |       |       |       |       |    20 |       ||    20
 Fire: Hand crossbow     |       |       |    37 |       |       |    20 |    14 |    55 |       ||   126
       Arbalest          |       |       |       |       |    27 |       |       |       |       ||    27
Invok: Berserk           |     1 |     3 |     3 |     5 |     5 |     5 |     3 |     1 |     3 ||    29
       Trog's Hand       |       |     1 |       |     3 |     1 |     3 |     1 |       |     2 ||    11
       Brothers in Arms  |       |       |       |       |       |     1 |     1 |     1 |     2 ||     5
  Use: Scroll            |     1 |     5 |     7 |    18 |    16 |    16 |     7 |    10 |     3 ||    83
       Potion            |       |       |     1 |       |       |     5 |     1 |     1 |     1 ||     9
 Stab: Sleeping          |     1 |       |       |       |       |     1 |       |       |       ||     2
       Distracted        |       |       |       |       |     1 |       |       |       |       ||     1
Armor: Animal skin       |     8 |       |       |       |       |       |       |       |       ||     8
       Ring mail         |    12 |    12 |       |       |       |       |       |       |       ||    24
       Chain mail        |       |   189 |   116 |       |       |       |       |       |       ||   305
       Plate armour      |       |       |   141 |   284 |   433 |   592 |   771 |   545 |   209 ||  2975
       Ice dragon scales |       |       |       |       |    62 |       |       |       |       ||    62
       Acid dragon scale |       |       |       |       |     3 |       |       |       |       ||     3
Dodge: Dodged            |    51 |   156 |   276 |   323 |   655 |  1000 |  1297 |  1050 |   390 ||  5198
Block: Other             |       |       |       |       |       |       |    36 |   207 |   184 ||   427
       Reflection        |       |       |       |       |       |       |       |       |    12 ||    12
       Rpst.: Falchion   |    18 |    48 |       |       |       |       |       |       |       ||    66
       Long sword        |       |     2 |    40 |       |     6 |    28 |    50 |       |       ||   126
       Demon blade       |       |       |     7 |    93 |   157 |   172 |    11 |    49 |       ||   489
       Scimitar          |       |       |       |       |     5 |     2 |       |       |       ||     7
       Triple sword      |       |       |       |       |       |       |   245 |   163 |    70 ||   478
       Great sword       |       |       |       |       |       |       |       |     3 |       ||     3

Levels and vault maps discovered:
D:1:      heliophobic_arrival_henge, layout_basic, minmay_crystal_room
D:2:      layout_loops_ring, uniq_robin
D:3:      minmay_door_path, layout_basic, lightli_temple_of_fire,
          elyvilon_altar_3
D:4:      layout_basic, hangedman_abyss_or_decor_passed,
          uniq_crazy_yiuf_cottage, uniq_sigmund
D:5:      layout_rooms, minmay_temple_entry_poolview, serial_shops, shop
D:6:      layout_loops_ring, serial_shops, nicolae_shop_trees, basic_altar,
          minmay_gold_behind_fungi, uniq_duvessa
D:7:      layout_basic, enter_bailey_3
D:8:      layout_cave_pools
D:9:      layout_roguey, nicolae_overflow_crystal_walls, serial_shops,
          nicolae_shop_trees, lightli_church_of_beogh, uniq_psyche
D:10:     layout_irregular_city, lair_entry_dummy, minmay_misc_feat_cross,
          hangedman_decor_peaks_small, minmay_st_funbox
D:11:     layout_cave_pods, orc_0_dummy, bh_hangedman_babel_library, uniq_erica
D:12:     gammafunk_worm_tunnel, layout_gridville, gammafunk_ghost_grave
D:13:     layout_roguey [special_room_orc], serial_shops, shop, kennysheep_mini,
          shop_fountains, nicolae_shop_crystal
D:14:     layout_long_grid, david_vaults_5, hangedman_decor_growths, laboratory,
          uniq_agnes
D:15:     hangedman_depths_entry_civil_slaughter, layout_irregular_city,
          serial_shops, nicolae_shop_overgrown_old_shop, dk_noncrumbling_3,
          serial_column_ruins, column_ruins_grid_4, column_ruins_grid_4,
          column_ruins_columns_straight, column_ruins_grid_3,
          column_ruins_corridor_dead_end, gauntlet_entry_generic,
          minmay_misc_feat_pillars, uniq_roxanne
Lair:1:   layout_cave_pods, infiniplex_staircase_pool_2, lemuel_fruit_fields
Lair:2:   layout_cave_pods, hellmonk_ghost_happy_afterlife, grunt_megastairs_3
Lair:3:   lemuel_slime, layout_chaotic_city, guppyfry_snake_entry_garden,
          infiniplex_staircase_pool, serial_bayou_shore_a, grunt_megastairs_1,
          uniq_fannar
Lair:4:   layout_small_grid, elwin_shoals_entry_rocks
Lair:5:   layout_loops_ring, portal_ice_cave_rime, kb_xom_exploding_sheep,
          uniq_sonja
Lair:6:   wormcave, layout_cave_pods, guppyfry_lair_end_dragon,
          nicolae_slime_entry_slimehenge, minmay_lair_oklob_chamber,
          lemuel_fruit_fields, grunt_megastairs_5
Shoals:1: layout_shoals, gammafunk_ghost_necromancy
Shoals:2: layout_shoals, serial_shops, nicolae_shop_statue_plus,
          nicolae_shoals_seven_spires, nicolae_alphabet_shops,
          nicolae_shoals_undead_eyrie
Shoals:3: layout_shoals, uniq_louise, uniq_ilsuiw, uniq_kirke
Shoals:4: shoals_end_grunt_garden, layout_shoals, shoal_ilsuiw
Snake:1:  layout_grid_shapes
Snake:2:  layout_cave_pods, basic_altar, minmay_shop_grove
Snake:3:  layout_onion, minmay_shoptagon, uniq_vashnia
Snake:4:  grunt_snake_rune_serpentine_throne, layout_onion, basic_altar,
          corexii_hall_statues_deadend, statue_in_the_mist_lemuel
Orc:1:    gammafunk_beogh_shrine, layout_diamond_mine,
          gammafunk_ghost_fury_of_okawaru, uniq_harold, uniq_gastronok,
          uniq_jorgrun
Orc:2:    grunt_orc_community_town_hall, layout_diamond_mine,
          grunt_orc_community_big_house_1, grunt_orc_community_big_house_1,
          grunt_orc_community_house_1, grunt_orc_community_house_2,
          grunt_orc_community_house_3, grunt_orc_community_house_2,
          grunt_orc_community_house_2, grunt_orc_community_house_1
Elf:1:    layout_rooms, serial_shops, nicolae_shop_crystal, minmay_elf_sorcery,
          lemuel_flamethrower_3
Elf:2:    layout_loops_cross, portal_desolation_entry_twin_temple, serial_shops,
          shop_scrolls
Elf:3:    minmay_elf_hall_not_hex, layout_onion_city
Vaults:1: vaults_mumra_bighexcomb, ontoclasm_vaults_loading_screen,
          vaults_dpeg_hooks, v_pattern_4, nicolae_vaults_three_branches,
          layout_vaults_omnigrid
Vaults:2: nicolae_vaults_diagonal_hallway_8, minmay_crypt_entry_necro_gods,
          v_pattern_3, v_misc_3, ontoclasm_vaults_ligature,
          nicolae_vaults_bisected_slash, grunt_vaults_hallway_short,
          hangedman_vaults_stagger, nicolae_vaults_little_squares_1,
          vaults_mumra_minichess, nicolae_vaults_mini_display_case,
          ontoclasm_vaults_twist, layout_vaults_ring, uniq_frederick
Vaults:3: v_alt_pattern_6, v_rooms_5, ontoclasm_vaults_bender,
          nicolae_vaults_little_squares_2, serial_ice_m, v_misc_1,
          vaults_room_corners, dpeg_vaults_monster_box,
          nicolae_vaults_little_squares_6, layout_vaults_chaotic_city,
          serial_shops, shop, uniq_margery
Vaults:4: nicolae_vaults_border_crossing, ontoclasm_vaults_chip,
          nicolae_vaults_network_square, nicolae_vaults_puzzle_piece,
          vaults_standard_mumra_lines, vaults_standard_mumra_enter_the_diamond,
          gammafunk_sealed_arena, vaults_room_semicircle,
          ontoclasm_vaults_loading_screen, ontoclasm_vaults_decontamination,
          v_misc_19, vaults_dpeg_spiral, layout_vaults_maze,
          nicolae_trove_entry_path_of_doom
Depths:1: layout_long_grid, hell_entry, gammafunk_ghost_cemetery,
          abyss_entry_small_statue_room, minmay_door_square,
          minmay_pinched_square, minmay_shop_star
Depths:2: minmay_nine_rooms, layout_gridlike, pf_hell_entry_tar_spiral,
          serial_shops, shop, minmay_strange_pillars,
          infiniplex_staircase_split_hallway, uniq_aizul

Notes
Turn   | Place    | Note
-------+----------+-------------------------------------------
     0 | D:1      | infcreate the Human Berserker began the quest for the Orb.
     0 | D:1      | Reached XP level 1. HP: 18/18 MP: 1/1
   375 | D:1      | Reached XP level 2. HP: 24/24 MP: 2/2
   744 | D:1      | Reached XP level 3. HP: 23/29 MP: 3/3
  1308 | D:2      | Reached XP level 4. HP: 30/35 MP: 4/4
  1531 | D:2      | Reached ** piety under Trog
  1936 | D:2      | Reached XP level 5. HP: 30/42 MP: 5/5
  2157 | D:2      | Noticed Robin
  2168 | D:2      | Killed Robin
  2169 | D:2      | Reached skill level 3 in Armour
  2169 | D:2      | Reached skill level 3 in Dodging
  2638 | D:3      | Identified a +2 pair of boots of running (You found it on
                  | level 3 of the Dungeon)
  2639 | D:3      | Found a bloodstained altar of Trog.
  2778 | D:3      | Found a white marble altar of Elyvilon.
  2920 | D:3      | Reached *** piety under Trog
  2928 | D:3      | Reached skill level 4 in Long Blades
  3101 | D:3      | Reached skill level 4 in Fighting
  3101 | D:3      | Reached XP level 6. HP: 45/48 MP: 6/6
  4198 | D:4      | Noticed Sigmund
  4205 | D:4      | Killed Sigmund
  4206 | D:4      | Reached skill level 4 in Armour
  4206 | D:4      | Reached skill level 4 in Dodging
  4206 | D:4      | Reached XP level 7. HP: 55/55 MP: 7/7
  4330 | D:4      | Found a runed translucent door.
  4331 | D:4      | Noticed Crazy Yiuf
  4344 | D:4      | Killed Crazy Yiuf
  4496 | D:4      | Got a faintly glowing mace
  4701 | D:5      | Entered Level 5 of the Dungeon
  4702 | D:5      | Identified the +2 mace of Yesterday {drain, rElec} (You
                  | found it on level 4 of the Dungeon)
  4742 | D:4      | Reached skill level 5 in Long Blades
  4816 | D:4      | Reached skill level 5 in Fighting
  4956 | D:5      | Reached XP level 8. HP: 52/62 MP: 8/8
  5103 | D:5      | Found Ippocs's Magic Scroll Boutique.
  5154 | D:5      | Reached **** piety under Trog
  5455 | D:5      | Reached skill level 5 in Armour
  5455 | D:5      | Reached skill level 5 in Dodging
  6090 | D:6      | Reached skill level 6 in Fighting
  6090 | D:6      | Reached skill level 6 in Long Blades
  6090 | D:6      | Reached XP level 9. HP: 69/69 MP: 9/9
  6155 | D:6      | Noticed Dowan
  6187 | D:6      | Killed Dowan
  6210 | D:6      | Noticed Duvessa
  6442 | D:6      | Killed Duvessa
  6664 | D:6      | Found Nask's Antique Weapon Shop.
  6672 | D:6      | Bought a glowing long sword for 123 gold pieces
  6672 | D:6      | Bought a hand crossbow for 66 gold pieces
  6688 | D:6      | Found a shimmering altar of Xom.
  6728 | D:7      | Reached skill level 6 in Armour
  6743 | D:7      | Reached skill level 6 in Dodging
  6762 | D:7      | Found a flagged portal.
  6777 | Bailey   | Entered a bailey
  6863 | Bailey   | Reached skill level 1 in Crossbows
  6945 | Bailey   | Reached ***** piety under Trog
  7172 | D:7      | Identified a +2 robe of the Archmagi
  7188 | D:7      | Reached skill level 2 in Crossbows
  7446 | D:7      | Reached skill level 7 in Fighting
  7456 | D:7      | Reached skill level 7 in Long Blades
  7488 | D:7      | Reached XP level 10. HP: 79/79 MP: 10/10
  7782 | D:8      | Noticed a gargoyle
  7808 | D:7      | Reached skill level 3 in Crossbows
  7828 | D:8      | Killed a gargoyle
  7829 | D:8      | Reached skill level 7 in Armour
  7960 | D:8      | Noticed a two-headed ogre
  8000 | D:8      | Killed a two-headed ogre
  8001 | D:8      | Reached skill level 7 in Dodging
  8152 | D:8      | Reached skill level 4 in Crossbows
  8566 | D:9      | Found Diahiv's Magic Scroll Shop.
  8580 | D:9      | Received a gift from Trog
  8827 | D:5      | Bought a scroll of acquirement for 624 gold pieces
  8827 | D:5      | Acquired a manual of Fighting
  9015 | D:9      | Found a basalt altar of Yredelemnul.
  9043 | D:9      | Reached skill level 8 in Fighting
  9045 | D:9      | Reached skill level 8 in Long Blades
  9048 | D:9      | Noticed Psyche
  9060 | D:9      | Killed Psyche
  9061 | D:9      | Reached XP level 11. HP: 86/86 MP: 11/11
  9209 | D:9      | Found a runed translucent door.
  9228 | D:9      | Noticed an orc knight
  9303 | D:9      | Killed an orc knight
  9396 | D:9      | Reached skill level 5 in Crossbows
  9399 | D:9      | Reached skill level 8 in Armour
  9595 | D:9      | Found a roughly hewn altar of Beogh.
  9745 | D:9      | Reached skill level 8 in Dodging
  9809 | D:10     | Entered Level 10 of the Dungeon
 10137 | D:10     | Paralysed by a hornet for 1 turns
 10369 | D:10     | Noticed a two-headed ogre
 10369 | D:10     | Noticed a death knight
 10373 | D:10     | Found a runed translucent door.
 10593 | D:10     | Found a staircase to the Lair.
 11060 | D:11     | Noticed a boulder beetle
 11097 | D:11     | Killed a boulder beetle
 11179 | D:11     | Noticed a deep elf mage
 11179 | D:11     | Noticed a wizard
 11190 | D:11     | Noticed a deep elf mage
 11190 | D:11     | Killed a deep elf mage
 11191 | D:11     | Reached skill level 9 in Long Blades
 11191 | D:11     | Reached skill level 6 in Crossbows
 11203 | D:10     | Killed a wizard
 11204 | D:10     | Reached skill level 9 in Fighting
 11389 | D:10     | Killed a deep elf mage
 11497 | D:11     | Noticed a wizard
 11502 | D:11     | Identified the Compendium of Dhcmrlchtdj
 11920 | D:11     | Noticed Erica
 11944 | D:11     | Killed Erica
 11945 | D:11     | Reached skill level 9 in Armour
 11945 | D:11     | Reached skill level 9 in Dodging
 11945 | D:11     | Reached XP level 12. HP: 95/95 MP: 12/12
 12036 | D:11     | Found a staircase to the Orcish Mines.
 12260 | D:11     | Received a gift from Trog
 12406 | Lair:1   | Entered Level 1 of the Lair of Beasts
 13183 | Lair:1   | Reached skill level 7 in Crossbows
 13408 | Lair:2   | Noticed a five-headed hydra
 13454 | Lair:2   | Killed a one-headed hydra
 14071 | Lair:2   | Found a runed translucent door.
 14072 | Lair:2   | Noticed Loluall's ghost (journeyman TeFE)
 14144 | Lair:2   | Reached skill level 10 in Fighting
 14144 | Lair:2   | Reached skill level 10 in Long Blades
 14551 | Lair:3   | Found a staircase to the Snake Pit.
 14823 | Lair:3   | Reached skill level 10 in Armour
 14886 | Lair:3   | Reached skill level 10 in Dodging
 14956 | Lair:3   | Noticed Fannar
 14972 | Lair:3   | Killed Fannar
 14973 | Lair:3   | Reached skill level 8 in Crossbows
 14973 | Lair:3   | Reached XP level 13. HP: 104/104 MP: 13/13
 14991 | Lair:3   | Noticed a seven-headed hydra
 15003 | Lair:3   | Killed a one-headed hydra
 15304 | Lair:3   | Received a gift from Trog
 15523 | Lair:3   | Noticed a seven-headed hydra
 15555 | Lair:3   | Killed a one-headed hydra
 15982 | Lair:4   | Found a staircase to the Shoals.
 16150 | Lair:4   | Noticed an eight-headed hydra
 16163 | Lair:4   | Killed a four-headed hydra
 16683 | Lair:5   | Found a frozen archway.
 16786 | IceCv    | Entered an ice cave
 16802 | IceCv    | Reached skill level 11 in Long Blades
 16819 | IceCv    | Reached skill level 9 in Crossbows
 16821 | IceCv    | Reached skill level 11 in Fighting
 17077 | IceCv    | HP: 14/159 [freezing wraith (5)]
 17080 | IceCv    | HP: 6/159 [freezing wraith (3)]
 17753 | IceCv    | Found an ancient bone altar of Kikubaaqudgha.
 17768 | IceCv    | Received a gift from Trog
 17769 | IceCv    | Found the +8 mithril axe "Arga" {speed, Will+}
 18178 | IceCv    | Reached skill level 11 in Armour
 18302 | IceCv    | Reached skill level 11 in Dodging
 18523 | Lair:5   | Noticed a four-headed hydra
 18532 | Lair:5   | Killed a one-headed hydra
 18590 | Lair:5   | Noticed Sonja
 18595 | Lair:5   | Killed Sonja
 18713 | Lair:5   | Reached XP level 14. HP: 113/113 MP: 14/14
 18717 | Lair:5   | Found a shimmering altar of Xom.
 18911 | Lair:6   | Entered Level 6 of the Lair of Beasts
 19738 | Lair:6   | Reached skill level 10 in Crossbows
 19835 | Lair:6   | Reached ****** piety under Trog
 20064 | Lair:6   | Found a staircase to the Slime Pits.
 20106 | Lair:6   | Received a gift from Trog
 20280 | Lair:6   | Got a blackened long sword {god gift}
 20281 | Lair:6   | Identified a potion of resistance
 20283 | Lair:6   | Identified the +8 long sword of Exquisite Torment
                  | {antimagic, *Contam rF+++ SInv Stlth-} (Trog gifted it to
                  | you on level 6 of the Lair of Beasts)
 20449 | Lair:6   | Found a runed translucent door.
 20491 | Lair:6   | Paralysed by a hornet for 2 turns
 20495 | Lair:6   | Reached skill level 12 in Fighting
 20529 | Lair:6   | Reached skill level 12 in Long Blades
 21318 | Lair:6   | Reached skill level 12 in Armour
 21425 | Lair:6   | Reached skill level 12 in Dodging
 21635 | Lair:6   | Got a pitted long sword
 21641 | Lair:6   | Identified the +6 long sword "Urret" {vorpal, rN+ MP+9}
                  | (You found it on level 6 of the Lair of Beasts)
 21665 | Lair:6   | Gained mutation: You are clumsy. (Dex -2) [mutagenic glow]
 22013 | Orc:1    | Entered Level 1 of the Orcish Mines
 22134 | Orc:1    | Reached XP level 15. HP: 121/121 MP: 15/15
 22199 | Orc:1    | Found a transporter.
 22210 | Orc:1    | Noticed Harold
 22225 | Orc:1    | Killed Harold
 22293 | Orc:1    | Noticed an orc warlord
 22294 | Orc:1    | Identified a +1 robe of the Archmagi
 22299 | Orc:1    | Found a roughly hewn altar of Beogh.
 22299 | Orc:1    | Found a transporter.
 22322 | Orc:1    | Found a runed translucent gate.
 22322 | Orc:1    | Found a runed translucent gate.
 22322 | Orc:1    | Found a runed translucent gate.
 22327 | Orc:1    | Noticed a stone giant
 22328 | Orc:1    | Noticed T2blue's ghost (journeyman DDHu)
 22330 | Orc:1    | Found an iron altar of Okawaru.
 22358 | Orc:2    | Entered Level 2 of the Orcish Mines
 22377 | Orc:2    | Found a roughly hewn altar of Beogh.
 22418 | Orc:2    | Found Qefufeira's Antique Weapon Boutique.
 22653 | Orc:2    | Received a gift from Trog
 22660 | Orc:2    | Found a roughly hewn altar of Beogh.
 22660 | Orc:2    | Found Umubep's Weapon Boutique.
 22723 | Orc:2    | Found a staircase to the Elven Halls.
 22759 | Orc:2    | Identified a +0 robe of the Archmagi
 22797 | Orc:2    | Found a roughly hewn altar of Beogh.
 22896 | Orc:2    | Found a roughly hewn altar of Beogh.
 22962 | Orc:2    | Found a roughly hewn altar of Beogh.
 23109 | Orc:1    | Noticed an orc warlord
 23141 | Orc:2    | Killed an orc warlord
 23166 | Orc:1    | Noticed Gastronok
 23207 | Orc:1    | Killed Gastronok
 23208 | Orc:1    | Reached skill level 11 in Crossbows
 23282 | Orc:1    | Noticed Jorgrun
 23318 | Orc:1    | Killed Jorgrun
 23469 | Orc:1    | Received a gift from Trog
 23490 | Orc:1    | Got a twisted falchion {god gift}
 23502 | Orc:1    | Identified the +5 falchion "Uzyunipt" {vorpal, SInv} (Trog
                  | gifted it to you on level 1 of the Orcish Mines)
 24066 | Orc:2    | Noticed an orc warlord
 24105 | Orc:2    | Killed an orc warlord
 24247 | Orc:2    | Found Finuuffa's Antique Armour Shop.
 24247 | Orc:2    | Found a roughly hewn altar of Beogh.
 24248 | Orc:2    | Found Seimoelu's Antique Weapon Boutique.
 24261 | Orc:2    | Bought a pair of runed boots for 172 gold pieces
 24508 | D:12     | Found a transporter.
 24539 | D:12     | Found a transporter.
 24797 | Lair:2   | Killed Loluall's ghost
 25462 | D:12     | Found a runed translucent door.
 25462 | D:12     | Noticed Jaiteiro's ghost (journeyman HaFi)
 25478 | D:12     | Killed Jaiteiro's ghost
 25478 | D:12     | Received a gift from Trog
 25788 | D:13     | Found Cos Sety's Book Shoppe.
 25845 | D:13     | Found Vaosm's Antique Armour Boutique.
 25905 | D:13     | Reached skill level 13 in Fighting
 25926 | D:13     | Reached skill level 13 in Long Blades
 26024 | D:13     | Found Gesellat's Antique Armour Shop.
 26027 | D:13     | Bought a sapphire-encrusted chain mail for 256 gold pieces
 26028 | D:13     | Identified the cursed +0 chain mail "Biyqy" {+Blink Int+4}
                  | (You bought it in a shop on level 13 of the Dungeon)
 26065 | D:13     | Found a roughly hewn altar of Beogh.
 26354 | D:13     | Found Vuoroz's Magic Scroll Shoppe.
 26369 | D:13     | Bought a scroll of enchant armour for 90 gold pieces
 26369 | D:13     | Bought 3 scrolls of enchant weapon for 270 gold pieces
 26369 | D:13     | Bought a scroll of enchant weapon for 90 gold pieces
 26369 | D:13     | Bought a scroll of enchant armour for 90 gold pieces
 26684 | D:14     | Reached XP level 16. HP: 130/130 MP: 16/16
 26723 | D:14     | Reached skill level 13 in Armour
 26902 | D:14     | Noticed Agnes
 26916 | D:14     | Killed Agnes
 26917 | D:14     | Reached skill level 13 in Dodging
 27387 | D:14     | Found a gate to the Vaults.
 27547 | D:14     | Identified a +1 pair of boots of running (You found it on
                  | level 14 of the Dungeon)
 27684 | D:14     | You fall into a shaft and drop 1 floor!
 27684 | D:15     | Entered Level 15 of the Dungeon
 27686 | D:15     | Identified Roxanne's Reference Book on Clay
 27686 | D:15     | Noticed Roxanne
 27692 | D:15     | Found a gate leading to a gauntlet.
 27709 | D:15     | Found Voah's Antique Weapon Shop.
 27726 | Gauntlet | Entered a Gauntlet
 27726 | Gauntlet | Found a transporter.
 27726 | Gauntlet | Found a transporter.
 27728 | Gauntlet | Found a transporter.
 27728 | Gauntlet | Found a transporter.
 27742 | Gauntlet | Found a transporter.
 27750 | Gauntlet | Found a transporter.
 27754 | Gauntlet | Found a transporter.
 27769 | Gauntlet | Found a transporter.
 27783 | Gauntlet | Found a runed translucent door.
 27785 | Gauntlet | Found a transporter.
 27787 | Gauntlet | Found a runed translucent door.
 27799 | Gauntlet | Found a transporter.
 27803 | Gauntlet | Found a transporter.
 27813 | Gauntlet | Found a transporter.
 27914 | Gauntlet | Identified a +0 pair of boots of running (You found it in a
                  | Gauntlet)
 27976 | Gauntlet | Reached skill level 12 in Crossbows
 28088 | Gauntlet | Got a faintly glowing hat
 28143 | Gauntlet | Identified the +2 hat "Biph" {Rampage +Inv Str+3} (You
                  | found it in a Gauntlet)
 28245 | Gauntlet | Identified the +10 hand crossbow of Ifuddere {freeze, rElec
                  | rF+}
 28295 | D:15     | Killed Roxanne
 28614 | D:15     | Received a gift from Trog
 30218 | D:15     | Reached XP level 17. HP: 102/138 MP: 5/17
 30434 | D:15     | Found a staircase to the Depths.
 30860 | Orc:1    | Reached skill level 14 in Long Blades
 30885 | Orc:1    | Killed T2blue's ghost
 30886 | Orc:1    | Reached skill level 14 in Fighting
 31192 | Orc:1    | Got a pair of ichor-stained boots
 31203 | Orc:1    | Identified the +1 pair of boots of the Dolphin {Str+5 SInv}
                  | (You found it on level 1 of the Orcish Mines)
 31501 | Shoals:1 | Entered Level 1 of the Shoals
 31511 | Shoals:1 | Reached skill level 14 in Armour
 31517 | Shoals:1 | Reached skill level 14 in Dodging
 31883 | Shoals:1 | Received a gift from Trog
 31884 | Shoals:1 | Reached skill level 13 in Crossbows
 32054 | Shoals:1 | HP: 6/139 [drowned by a drowned soul[a merfolk avatar]
                  | (14)]
 32435 | Shoals:1 | Found a runed translucent gate.
 32435 | Shoals:1 | Found a runed translucent gate.
 32435 | Shoals:1 | Found a runed translucent gate.
 32440 | Shoals:1 | Noticed Bityczex's ghost (adept DEFE)
 32463 | Shoals:1 | Killed Bityczex's ghost
 33098 | Shoals:2 | Found Ceobreki's Book Shoppe.
 33098 | Shoals:2 | Found Fodgha's Fabulous Fripperies.
 33453 | Shoals:2 | You are cast into the Abyss!
 33453 | Shoals:2 | Cast into level 2 of the Abyss (faun)
 33670 | Abyss:2  | Noticed a lich
 33964 | Shoals:2 | You pass through the gate.
 33964 | Shoals:2 | Escaped the Abyss
 34289 | Shoals:2 | Bought a manual of Fighting for 1656 gold pieces
 34585 | Shoals:2 | Reached XP level 18. HP: 147/147 MP: 18/18
 35949 | Shoals:3 | Noticed Louise
 35974 | Shoals:3 | Killed Louise
 36226 | Shoals:3 | Received a gift from Trog
 36759 | Shoals:3 | Noticed Ilsuiw
 36811 | Shoals:3 | Killed Ilsuiw
 36944 | Shoals:4 | Entered Level 4 of the Shoals
 38315 | Shoals:4 | Reached skill level 15 in Long Blades
 38324 | Shoals:4 | Reached skill level 15 in Fighting
 38519 | Shoals:4 | Received a gift from Trog
 38860 | Shoals:4 | Identified the +5 falchion "Ygga" {vorpal, *Drain rF+
                  | Str+4}
 38899 | Shoals:4 | Reached skill level 14 in Crossbows
 39004 | Shoals:4 | Reached skill level 15 in Armour
 39004 | Shoals:4 | Reached skill level 15 in Dodging
 39255 | Shoals:4 | Got a barnacled rune of Zot
 39749 | Snake:1  | Entered Level 1 of the Snake Pit
 39755 | Lair:3   | Received a gift from Trog
 40917 | Snake:1  | Reached XP level 19. HP: 155/155 MP: 6/19
 41824 | Snake:2  | Found a glowing golden altar of the Shining One.
 41940 | Snake:2  | Received a gift from Trog
 42450 | Snake:2  | Found Niacipt's Gadget Shop.
 42453 | Snake:2  | Found Houfir's Jewellery Shoppe.
 42454 | Snake:2  | Found Muas's Gadget Shop.
 43409 | Snake:2  | Gained mutation: You tend to lose your temper in combat.
                  | [mutagenic glow]
 43594 | Snake:3  | Noticed Vashnia
 43604 | Snake:3  | Killed Vashnia
 43981 | Snake:2  | Received a gift from Trog
 44563 | Snake:3  | Found Muashuli's General Store.
 44563 | Snake:3  | Found Bikari's Jewellery Boutique.
 44564 | Snake:3  | Found Maewny's Assorted Antiques.
 44566 | Snake:3  | Found Qozxegh's Armour Boutique.
 44568 | Snake:3  | Bought a scroll of enchant armour for 262 gold pieces
 44646 | Snake:4  | Entered Level 4 of the Snake Pit
 45495 | Snake:3  | Reached skill level 16 in Fighting
 45558 | Snake:3  | Reached skill level 16 in Long Blades
 45558 | Snake:3  | Reached skill level 15 in Crossbows
 45606 | Snake:4  | Received a gift from Trog
 45884 | Snake:3  | Reached skill level 16 in Armour
 45884 | Snake:3  | Reached XP level 20. HP: 89/164 MP: 6/20
 46192 | Snake:4  | Reached skill level 16 in Dodging
 47196 | Snake:4  | Found a shimmering altar of Xom.
 47202 | Snake:4  | Received a gift from Trog
 48251 | Snake:4  | Received a gift from Trog
 48487 | Snake:4  | Got a serpentine rune of Zot
 48777 | Elf:1    | Entered Level 1 of the Elven Halls
 49462 | Elf:1    | Found Qaetsi Owaz's Antique Armour Shop.
 49815 | Elf:2    | Found Zeohaar's Magic Scroll Shop.
 49862 | Elf:2    | Found a ruined gateway.
 49889 | Elf:2    | Reached XP level 21. HP: 172/172 MP: 7/21
 49894 | Elf:2    | Received a gift from Trog
 49914 | Desolati | Entered the Desolation of Salt
 50102 | Desolati | Identified the +6 halberd "Transmigrator" {vorpal, rF+}
 50614 | Desolati | Identified a +0 pair of boots of running (You found it in
                  | the Desolation of Salt)
 50656 | Desolati | Reached skill level 16 in Crossbows
 51240 | Desolati | Reached skill level 17 in Fighting
 51511 | Desolati | Reached skill level 17 in Long Blades
 51695 | Desolati | Identified the Catalogue of Weightlessness
 51703 | Desolati | Identified the Reference Book on Snow
 51735 | Desolati | Lost mutation: You tend to lose your temper in combat.
                  | [potion of mutation]
 51735 | Desolati | Lost mutation: You are clumsy. (Dex -2) [potion of
                  | mutation]
 51735 | Desolati | Gained mutation: You are resistant to electric shocks.
                  | (rElec) [potion of mutation]
 51735 | Desolati | Gained mutation: You are partially covered in large bone
                  | plates. (SH +4) [potion of mutation]
 51735 | Desolati | Gained mutation: You are weak. (Str -2) [potion of
                  | mutation]
 51735 | Desolati | Gained mutation: Your natural rate of healing is unusually
                  | fast. [potion of mutation]
 51812 | Desolati | Reached skill level 17 in Armour
 51910 | Desolati | Reached skill level 17 in Dodging
 51993 | Desolati | Received a gift from Trog
 52115 | Desolati | Identified a +2 pair of boots of running (You found it in
                  | the Desolation of Salt)
 52675 | Elf:2    | Bought a scroll of brand weapon for 320 gold pieces
 52783 | Elf:2    | Found a huge runed translucent gate.
 52783 | Elf:2    | Found a huge runed translucent gate.
 52786 | Elf:2    | Found a huge runed translucent gate.
 52798 | Elf:2    | Found a huge runed translucent gate.
 52798 | Elf:2    | Found a huge runed translucent gate.
 53090 | Elf:2    | Received a gift from Trog
 53217 | Elf:2    | Reached XP level 22. HP: 180/180 MP: 7/22
 53449 | Elf:3    | Entered Level 3 of the Elven Halls
 53879 | Elf:3    | Received a gift from Trog
 55227 | Elf:3    | Identified the ring "Ophuts" {Dex+6 SInv}
 55433 | Elf:3    | Identified the cursed +0 halberd of the Land of Plenty
                  | {freeze, rElec rF- Dex+3}
 55549 | Elf:3    | Reached skill level 17 in Crossbows
 56774 | Vaults:1 | Entered Level 1 of the Vaults
 56802 | D:14     | Received a gift from Trog
 57357 | Vaults:1 | Reached skill level 18 in Fighting
 57384 | Vaults:1 | Reached skill level 18 in Long Blades
 57545 | Vaults:1 | Reached XP level 23. HP: 139/190 MP: 23/23
 57546 | Vaults:1 | Reached skill level 18 in Armour
 57860 | Vaults:1 | Reached skill level 18 in Dodging
 57899 | Vaults:1 | Received a gift from Trog
 58830 | Vaults:2 | Gained mutation: Scrolls take you a little longer to read.
                  | [a shining eye]
 59544 | Vaults:2 | Received a gift from Trog
 60022 | Vaults:2 | Noticed Frederick
 60056 | Vaults:2 | Killed Frederick
 60247 | Vaults:2 | Found a basalt altar of Yredelemnul.
 60254 | Vaults:2 | Found a staircase to the Crypt.
 60256 | Vaults:2 | Found an ancient bone altar of Kikubaaqudgha.
 60935 | Vaults:3 | Received a gift from Trog
 61425 | Vaults:3 | Reached XP level 24. HP: 194/199 MP: 7/23
 61436 | Vaults:3 | Found Zallalea's Armour Shop.
 61886 | Vaults:3 | Reached skill level 18 in Crossbows
 61902 | Vaults:3 | Found Billaje's General Store.
 61910 | Vaults:3 | Bought a scroll of enchant weapon for 157 gold pieces
 62052 | Vaults:3 | Noticed Margery
 62064 | Vaults:3 | Killed Margery
 62079 | Vaults:3 | Received a gift from Trog
 62219 | Vaults:3 | Got a slimy great sword {god gift}
 62938 | Vaults:3 | Identified the +6 great sword "Moety" {vorpal, rF- Str+6}
                  | (Trog gifted it to you on level 3 of the Vaults)
 63259 | Vaults:3 | Reached skill level 19 in Long Blades
 63501 | Vaults:3 | Reached skill level 19 in Armour
 63716 | Vaults:3 | Reached skill level 19 in Dodging
 63907 | Vaults:4 | Received a gift from Trog
 64158 | Vaults:4 | Noticed an ancient lich
 64210 | Vaults:4 | Reached skill level 19 in Fighting
 64223 | Vaults:4 | Killed an ancient lich
 64392 | Vaults:4 | Reached XP level 25. HP: 173/207 MP: 23/23
 64532 | Vaults:4 | Found a transporter.
 64533 | Vaults:4 | Identified the ring "Reniomit" {rCorr Int+4}
 64546 | Vaults:4 | Found a transporter.
 64851 | Vaults:4 | Acquired the amulet "Vuosax" {Reflect rPois Will+ Int+2
                  | SH+5}
 65208 | Vaults:4 | Found a portal to a secret trove of treasure.
 65250 | Vaults:4 | Received a gift from Trog
 65553 | Vaults:4 | Got a shimmering hat
 65564 | Vaults:4 | Identified the +2 hat "Ralef" {rF+ rCorr Str-4 Stlth+} (You
                  | found it on level 4 of the Vaults)
 65608 | Vaults:4 | Got a clouded ruby amulet
 65611 | Vaults:4 | Identified the amulet of Ganofi {Inacc Will+} (You found it
                  | on level 4 of the Vaults)
 65880 | Depths:1 | Entered Level 1 of the Depths
 66164 | Depths:1 | Found a gateway to Hell.
 66319 | Depths:1 | Found Hosoikux's Armour Shoppe.
 66327 | Depths:1 | Found Jabasch's Weapon Shoppe.
 66388 | Depths:1 | Found a runed translucent gate.
 66388 | Depths:1 | Found a runed translucent gate.
 66388 | Depths:1 | Found a runed translucent gate.
 66388 | Depths:1 | Noticed Qoisag's ghost (journeyman MiBe)
 66389 | Depths:1 | Noticed Himiffod's ghost (veteran GrVM)
 66496 | Depths:1 | Killed Himiffod's ghost
 66500 | Depths:1 | Killed Qoisag's ghost
 66778 | Depths:1 | Received a gift from Trog
 66942 | Depths:1 | Reached skill level 19 in Crossbows
 67259 | Depths:1 | Found the +8 glaive of the Guard {elec, spectral, AC+5}
 67263 | Depths:1 | Found a one-way gate to the infinite horrors of the Abyss.
 67716 | Depths:2 | Paralysed by a floating eye for 3 turns
 67726 | Depths:2 | Paralysed by a floating eye for 3 turns
 67731 | Depths:2 | Paralysed by a floating eye for 4 turns
 67734 | Depths:2 | HP: 9/312 [ettin/+0 dire flail (24)]
 67739 | Depths:1 | HP: 10/312 [poisoned by a spriggan rider]
 67742 | Depths:1 | Paralysed by a floating eye for 3 turns
 67743 | Depths:1 | Annihilated by a spriggan berserker

Vanquished Creatures
  An ancient lich (Vaults:4)
  Frederick (Vaults:2)
  Margery (Vaults:3)
  A golden dragon (Depths:1)
  The ghost of Himiffod the Slayer, a veteran GrVM of Kikubaaqudgha (Depths:1)
  Jorgrun (Orc:1)
  A lich (Vaults:3)
  3 deep elf master archers (Elf:3)
  A deep elf blademaster (Elf:2)
  Gastronok (Orc:1)
  A sphinx (Vaults:3)
  A tengu reaver (Vaults:3)
  Agnes (D:14)
  Roxanne (D:15)
  A shadow dragon (Vaults:4)
  11 nagarajas
  Ilsuiw (Shoals:3)
  7 frost giants
  Louise (Shoals:3)
  2 imperial myrmidons (Desolation)
  3 fire giants
  3 orc warlords
  13 vault wardens
  The ghost of Qoisag the Severer, a journeyman MiBe of Trog (Depths:1)
  4 deep elf sorcerers
  3 deep elf elementalists
  The ghost of Bityczex the Eclecticist, an adept DEFE of Sif Muna (Shoals:1)
  12 ironheart preservers
  9 stone giants
  11 very ugly things
  A vampire knight (Depths:1)
  6 deep elf annihilators
  6 deep elf demonologists
  2 halazid warlocks (Desolation)
  The ghost of T2blue the Covert, a journeyman DDHu of Qazlal (Orc:1)
  3 spark wasps
  A minotaur (Gauntlet)
  3 crystal guardians (Desolation)
  2 deep elf death magi
  7 ettins
  5 merfolk javelineers
  4 merfolk impalers
  5 ragged hierophants (Desolation)
  7 yaktaur captains
  8 deep elf high priests
  4 great orbs of eyes
  3 fire dragons
  7 servants of whispers (Desolation)
  The ghost of Jaiteiro the Blocker, a journeyman HaFi of Trog (D:12)
  13 ogre magi
  15 naga warriors
  12 peacekeepers
  Fannar (Lair:3)
  Harold (Orc:1)
  10 boulder beetles
  9 hydras
  5 rakshasas
  16 vault guards
  2 merfolk avatars
  16 anacondas
  13 centaur warriors
  7 ice dragons
  3 catoblepae
  4 merfolk aquamancers
  Erica (D:11)
  5 tengu warriors
  The ghost of Loluall the Destroyer, a journeyman TeFE of Ru (Lair:2)
  5 satyrs
  3 deep troll earth magi
  32 two-headed ogres
  3 thrashing horrors (Abyss:2)
  An anaconda (shapeshifter) (Vaults:2)
  26 dancing weapons
  3 death knights
  A satyr (shapeshifter) (Vaults:2)
  7 deep troll shamans
  4 shock serpents
  13 naga sharpshooters
  An orc high priest (Orc:1)
  19 deep elf knights
  A vampire mage (Depths:1)
  7 hell knights (Vaults:3)
  A spriggan (Depths:2)
  Sonja (Lair:5)
  20 skeletal warriors
  A fire crab (shapeshifter) (Vaults:1)
  An iron troll (Depths:1)
  2 wretched stars (Abyss:2)
  A death drake (Gauntlet)
  2 flayed ghosts
  A salamander mystic (Snake:2)
  3 deep trolls
  10 sea snakes
  2 unseen horrors (Vaults:1)
  2 glowing orange brains
  A swamp dragon (Lair:6)
  17 ironbrand convokers
  5 wizards
  A lindwurm (shapeshifter) (Vaults:1)
  An orange crystal statue (Vaults:4)
  17 deep elf archers
  9 naga ritualists
  A phantasmal warrior (Vaults:4)
  24 harpies
  A tengu zombie (Vaults:4)
  13 mana vipers
  3 lindwurms
  3 necromancers
  A wolf spider (shapeshifter) (Vaults:3)
  27 ugly things
  6 cyclopes
  6 orc sorcerers
  5 manticores
  77 deep elf magi
  3 wolf spiders
  13 salamanders
  A faun (shapeshifter) (Elf:1)
  A spectral centaur (Gauntlet)
  A stone giant zombie (Depths:1)
  12 orc knights
  23 guardian serpents
  4 oklob plants (Lair:6)
  A worldbinder (Gauntlet)
  17 fauns
  An ice statue (IceCv)
  A cyclops (shapeshifter) (D:14)
  35 black mambas
  15 vault sentinels
  2 black mambas (shapeshifter)
  12 merfolk sirens
  24 naga magi
  A fire giant skeleton (Depths:1)
  4 elephants (Lair:6)
  5 water nymphs
  Psyche (D:9)
  3 centaur skeletons
  A molten gargoyle (Desolation)
  12 cane toads
  A spectral sea snake (Shoals:1)
  A gargoyle (D:8)
  5 torpor snails (Lair:6)
  A cane toad (shapeshifter) (Vaults:1)
  10 komodo dragons
  An efreet (D:15)
  21 yaktaurs
  3 rime drakes
  A redback zombie (D:14)
  14 freezing wraiths
  4 tengu conjurers
  A spectral harpy (Shoals:1)
  20 merfolk
  A spectral water nymph (Shoals:1)
  A spectral merfolk (Shoals:1)
  A guardian mummy (Vaults:4)
  3 harpy zombies (Shoals:2)
  A meliai (shapeshifter) (Abyss:2)
  2 polar bears
  9 trolls
  3 tyrant leeches (Lair:6)
  12 hornets
  A merfolk (shapeshifter) (Elf:3)
  A raiju (shapeshifter) (Elf:3)
  55 saltlings (Desolation)
  6 slime creatures
  6 large abominations
  3 blink frogs (Lair:3)
  9 snapping turtles
  3 dream sheep (Shoals:3)
  6 wind drakes
  A spectral manticore (Shoals:1)
  6 air elementals
  11 water elementals
  3 vampires
  6 shadows
  A redback (Abyss:2)
  A spriggan (shapeshifter) (Vaults:4)
  6 wyverns
  Sigmund (D:4)
  3 fire elementals
  34 yaks
  2 wraiths
  A basilisk (shapeshifter) (Elf:3)
  A human (shapeshifter) (Depths:1)
  A golden eye (shapeshifter) (Vaults:2)
  A sea snake simulacrum (Shoals:1)
  A yaktaur simulacrum (Vaults:4)
  5 basilisks
  A steam dragon (Lair:6)
  A death yak simulacrum (IceCv)
  A chaos spawn (Abyss:2)
  5 wargs
  2 harpy simulacra (Shoals:1)
  4 acid dragons
  64 nagas
  A soldier ant (shapeshifter) (Vaults:3)
  A swamp worm (D:12)
  14 water moccasins
  Duvessa (D:6)
  3 swamp drakes (Lair:6)
  2 black bears
  2 hornet zombies
  A necrophage (D:7)
  60 orc warriors
  A boulder beetle simulacrum (Vaults:1)
  2 ettin simulacra
  4 phantoms
  3 eyes of draining
  13 ice beasts
  6 sky beasts
  38 ogres
  An eye of draining (shapeshifter) (Vaults:2)
  2 manticore zombies (Shoals:2)
  A wolf (shapeshifter) (Vaults:3)
  9 wolves
  25 boggarts
  12 centaurs
  3 big kobolds
  2 human zombies (Vaults:4)
  A wyvern zombie (D:13)
  18 bullfrogs
  3 earth elementals (Elf:3)
  A gnoll sergeant (Orc:1)
  A wyvern skeleton (D:15)
  5 scorpions
  Dowan (D:6)
  An elephant simulacrum (IceCv)
  8 wights (D:11)
  A snapping turtle simulacrum (Shoals:1)
  An electric eel (Lair:3)
  5 howler monkeys
  2 bullfrog zombies
  2 human simulacra
  6 centaur zombies
  2 draconian simulacra (IceCv)
  4 hounds
  17 jellies
  29 orc wizards
  2 quasits
  33 orc priests
  Crazy Yiuf (D:4)
  3 bullfrog skeletons
  6 hell rats (Lair:2)
  6 iguanas
  A cyclops simulacrum (Shoals:1)
  10 worker ants
  2 spriggan simulacra (IceCv)
  2 wolf simulacra (IceCv)
  2 troll simulacra (IceCv)
  8 small abominations
  3 centaur simulacra (IceCv)
  A hound skeleton (D:11)
  A howler monkey zombie (D:11)
  A worker ant zombie (D:7)
  17 gnolls
  Robin (D:2)
  13 adders
  5 naga simulacra (IceCv)
  6 ogre simulacra (IceCv)
  A shadow imp (D:8)
  18 white imps
  4 ufetubi
  19 oozes
  4 adder skeletons
  An adder zombie (D:9)
  4 worms
  5 dart slugs
  4 leopard geckos
  180 orcs
  2 bat zombies (Shoals:2)
  6 giant cockroaches
  21 goblins
  18 hobgoblins
  3 jackals (D:2)
  3 quokkas
  5 bats
  5 frilled lizards
  A jackal skeleton (D:5)
  A jackal zombie (D:5)
  45 kobolds
  A quokka skeleton (D:6)
  6 rats
  7 briar patches (D:12)
  A toadstool (D:6)
2066 creatures vanquished.

Vanquished Creatures (collateral kills)
  Vashnia (Snake:3)
  An ettin (Depths:2)
  A dancing weapon (Vaults:4)
  A naga sharpshooter (Snake:3)
  A hell knight (Vaults:3)
  An orc knight (Vaults:3)
  4 yaktaurs (Depths:2)
  A water elemental (Shoals:3)
11 creatures vanquished.

Vanquished Creatures (others)
  A lorocyproca (D:12)
  A merfolk impaler (Shoals:3)
  An ogre mage (Vaults:1)
  A dancing weapon (Elf:3)
  A deep elf knight (Elf:2)
  A wizard (Depths:1)
  A salamander (Snake:4)
  A deep elf mage (Elf:3)
  6 dream sheep
  A water elemental (Elf:2)
  2 swamp worms (D:12)
  2 nagas
  A boggart (Vaults:1)
  An iguana (Lair:6)
  12 briar patches (D:12)
  4 demonic plants (Gauntlet)
  34 fungi
  A lurking horror (Abyss:2)
  246 plants
  5 toadstools (D:6)
323 creatures vanquished.

Grand Total: 2400 creatures vanquished

Table legend: (Time is in decaauts)
 A = Elapsed time spent in this place.
 B = Non-inter-level travel time spent in this place.
 C = Inter-level travel time spent in this place.
 D = Time resting spent in this place.
 E = Time spent auto-exploring this place.
 F = Levels seen in this place.
 G = Mean time per level.
                   A        B        C        D        E       F      G
               +--------+--------+--------+--------+--------+-----+--------+
         Total |  65904 |  57919 |   7985 |  23636 |      0 |  45 | 1464.5 |
       Dungeon |  19032 |  15913 |   3119 |   5813 |      0 |  15 | 1268.8 |
          Lair |   8246 |   6772 |   1474 |   2366 |      0 |   6 | 1374.3 |
        Shoals |   6241 |   5890 |    351 |   3366 |      0 |   4 | 1560.2 |
     Snake Pit |   8448 |   8107 |    341 |   4878 |      0 |   4 | 2112.0 |
  Orcish Mines |   2783 |   2361 |    422 |    678 |      0 |   2 | 1391.5 |
   Elven Halls |   5445 |   4679 |    766 |   1576 |      0 |   3 | 1815.0 |
        Vaults |   8584 |   7250 |   1334 |   1806 |      0 |   4 | 2146.0 |
        Depths |   1689 |   1513 |    176 |    312 |      0 |   2 |  844.5 |
         Abyss |    483 |    483 |      0 |    250 |      0 |   1 |  483.0 |
        Bailey |    375 |    375 |      0 |     95 |      0 |   1 |  375.0 |
      Ice Cave |   1625 |   1625 |      0 |   1068 |      0 |   1 | 1625.0 |
    Desolation |   2406 |   2406 |      0 |   1311 |      0 |   1 | 2406.0 |
      Gauntlet |    541 |    541 |      0 |    113 |      0 |   1 |  541.0 |
               +--------+--------+--------+--------+--------+-----+--------+

Top non-repeatable levels by time:
Vaults:3: 3042 daAuts
   Elf:3: 2954 daAuts
  Lair:6: 2729 daAuts
 Snake:2: 2587 daAuts
Shoals:3: 2424 daAuts
Desolation: 2406 daAuts
    D:14: 2403 daAuts
 Snake:3: 2338 daAuts
 Snake:4: 2328 daAuts
Vaults:1: 1969 daAuts
  Lair:3: 1833 daAuts
Vaults:2: 1826 daAuts
Vaults:4: 1746 daAuts
    D:12: 1672 daAuts
Depths:1: 1659 daAuts

Table legend:
 A = Non-vault XP
 B = Vault XP
 C = Vault XP percentage of total XP
 D = Non-vault monster count
 E = Vault monster count
 F = Vault count percentage of total count
                 A         B        C        D         E       F
            +---------+---------+-------+---------+---------+-------
      Total |  497868 |  408389 |  45.1 |    1282 |     796 |  38.3
            +---------+---------+-------+---------+---------+-------
        D:1 |      37 |       0 |   0.0 |      18 |       0 |   0.0
        D:2 |     124 |      37 |  23.0 |      29 |      13 |  31.0
        D:3 |     172 |      11 |   6.0 |      29 |       6 |  17.1
        D:4 |     329 |     247 |  42.9 |      14 |       2 |  12.5
        D:5 |     543 |       0 |   0.0 |      21 |       0 |   0.0
        D:6 |     819 |     214 |  20.7 |      23 |       2 |   8.0
        D:7 |     929 |       7 |   0.7 |      30 |       4 |  11.8
        D:8 |    2036 |       0 |   0.0 |      23 |       0 |   0.0
        D:9 |    1979 |    1146 |  36.7 |      35 |      12 |  25.5
       D:10 |    1507 |    3396 |  69.3 |      17 |      11 |  39.3
       D:11 |    3490 |    1465 |  29.6 |      36 |       2 |   5.3
       D:12 |    5144 |    1019 |  16.5 |      21 |       2 |   8.7
       D:13 |    5319 |    1420 |  21.1 |      33 |      26 |  44.1
       D:14 |   14317 |   10206 |  41.6 |      35 |      21 |  37.5
       D:15 |   13364 |    7406 |  35.7 |      24 |       7 |  22.6
     Lair:1 |    1432 |     151 |   9.5 |       6 |       1 |  14.3
     Lair:2 |    4563 |    1211 |  21.0 |      22 |       4 |  15.4
     Lair:3 |   11290 |    2319 |  17.0 |      35 |      28 |  44.4
     Lair:4 |    2102 |       0 |   0.0 |       7 |       0 |   0.0
     Lair:5 |    2505 |    1512 |  37.6 |       6 |       3 |  33.3
     Lair:6 |   11477 |   14674 |  56.1 |      33 |      48 |  59.3
   Shoals:1 |   12052 |    3576 |  22.9 |      22 |      11 |  33.3
   Shoals:2 |   15988 |    1187 |   6.9 |      33 |       7 |  17.5
   Shoals:3 |   11069 |   10176 |  47.9 |      25 |      14 |  35.9
   Shoals:4 |    7351 |   15686 |  68.1 |      15 |      23 |  60.5
    Snake:1 |   13515 |       0 |   0.0 |      29 |       0 |   0.0
    Snake:2 |   25735 |       0 |   0.0 |      54 |       0 |   0.0
    Snake:3 |   23550 |   13336 |  36.2 |      43 |      18 |  29.5
    Snake:4 |   20722 |   32486 |  61.1 |      39 |      50 |  56.2
      Orc:1 |    3836 |   18469 |  82.8 |      54 |      27 |  33.3
      Orc:2 |    3525 |    5844 |  62.4 |      26 |      69 |  72.6
      Elf:1 |   17296 |    7671 |  30.7 |      31 |      11 |  26.2
      Elf:2 |   21984 |   28193 |  56.2 |      39 |      32 |  45.1
      Elf:3 |   25023 |   32174 |  56.3 |      46 |      23 |  33.3
   Vaults:1 |   36945 |   10283 |  21.8 |      67 |      16 |  19.3
   Vaults:2 |   45656 |   20857 |  31.4 |      73 |      21 |  22.3
   Vaults:3 |   58576 |   41467 |  41.4 |      80 |      46 |  36.5
   Vaults:4 |   16794 |   32245 |  65.8 |      29 |      27 |  48.2
   Depths:1 |   46700 |   23540 |  33.5 |      64 |      17 |  21.0
   Depths:2 |    2814 |       0 |   0.0 |       8 |       0 |   0.0
    Abyss:2 |    5259 |    3055 |  36.7 |       8 |       4 |  33.3
     Bailey |       0 |     601 | 100.0 |       0 |      30 | 100.0
      IceCv |       0 |    6216 | 100.0 |       0 |      54 | 100.0
 Desolation |       0 |   49308 | 100.0 |       0 |      90 | 100.0
   Gauntlet |       0 |    5578 | 100.0 |       0 |      14 | 100.0
            +---------+---------+-------+---------+---------+-------
